 Dungeon Crawl Stone Soup version 0.29.1-12-g30fa7ad0bf (webtiles) character file.

Game seed: 14879868354843288000

5198 Descartes the Blocker (level 10, -8/82 HPs)
             Began as a Formicid Fighter on Jan 17, 2023.
             Was an Initiate of Gozag.
             Mangled by an orc warlord
             ... wielding a +4 broad axe
              (16 damage)
             ... in a bailey.
             The game lasted 00:20:08 (10057 turns).

Descartes the Blocker (Formicid Fighter)           Turns: 10057, Time: 00:20:09

Health: -8/82      AC: 24    Str: 24    XL:     10   Next: 91%
Magic:  10/10      EV:  7    Int: 13    God:    Gozag
Gold:   174        SH:  6    Dex:  9    Spells: 9/9 levels left

rFire   + . .      SeeInvis +   s - +0 battleaxe (elec)
rCold   + + .      Faith    .   c - +0 buckler
rNeg    . . .      Spirit   .   G - +6 plate armour
rPois   +          Reflect  .   (helmet unavailable)
rElec   +          Harm     .   L - +2 cloak {rCorr}
rCorr   +          Rampage  .   (no gloves)
Will    ++...                   H - +0 pair of boots
Stlth   ..........              q - amulet of magic regeneration
HPRegen 0.23/turn               e - ring "Fomoiqop" {Fly rPois rC+ Int+4 Dex-4}
MPRegen 0.52/turn               z - ring of willpower

@: mighty, resistant, flying, studying 2 skills
A: permanent stasis, dig shafts and tunnels, antennae 3, four strong arms
a: Dig, Renounce Religion, Potion Petition, Call Merchant, Bribe Branch


You were in a bailey.
You worshipped Gozag.
Gozag was aware of your devotion.
You visited 2 branches of the dungeon, and saw 10 of its levels.
You also visited: Bailey.

You collected 1232 gold pieces.
You spent 301 gold pieces at shops.
You paid 757 gold pieces to Gozag.

Inventory:

Hand Weapons
 s - a +0 battleaxe of electrocution (weapon)
 N - the +4 great sword of Himiug {vorpal, rF- Int+2 Dex+6}
   (You found it on level 7 of the Dungeon)

   It inflicts extra damage upon your enemies.
   Int:       It affects your intelligence (+2).
   Dex:       It affects your dexterity (+6).
   rF:        It makes you vulnerable to fire.
Missiles
 t - 10 poisoned darts
 D - 5 atropa-tipped darts
Armour
 b - a +1 scale mail of fire resistance
 c - a +0 buckler (worn)
 G - a +6 plate armour (worn)
 H - a +0 pair of boots (worn)
 L - a +2 cloak of preservation (worn)
Magical Staves
 l - a staff of air
 O - a staff of earth
Jewellery
 e - the ring "Fomoiqop" (left hand) {Fly rPois rC+ Int+4 Dex-4}
   (You acquired it on level 9 of the Dungeon)

   [ring of protection from cold]

   Int:       It affects your intelligence (+4).
   Dex:       It affects your dexterity (-4).
   rC:        It protects you from cold.
   rPois:     It protects you from poison.
   Fly:       It grants you flight.
 o - a +6 ring of strength
 p - a ring of positive energy
 q - an amulet of magic regeneration (around neck)
 z - a ring of willpower (right hand)
 B - a ring of poison resistance
Wands
 d - a wand of flame (35)
 y - a wand of polymorph (4)
 J - a wand of charming (5)
 Q - a wand of iceblast (13)
Scrolls
 g - 4 scrolls of fear
 h - a scroll of torment {unknown}
 k - a scroll of summoning {unknown}
 C - a scroll of poison
 I - a scroll of fog {unknown}
 K - 4 scrolls of enchant weapon {unknown}
Potions
 a - 2 potions of ambrosia {unknown}
 f - 3 potions of invisibility {unknown}
 i - 3 potions of heal wounds {unknown}
 j - a potion of haste {unknown}
 m - 2 potions of resistance {unknown}
 n - 2 potions of curing {unknown}
 r - a potion of cancellation {unknown}
 u - 2 potions of degeneration {unknown}
 v - 3 potions of flight {unknown}
 w - a potion of might
 x - 3 potions of attraction {unknown}
 A - 2 potions of lignification {unknown}
 R - a potion of brilliance {unknown}


   Skills:
 + Level 8.8 Fighting
 + Level 7.7 Axes
 + Level 8.8 Armour
 - Level 10.0 Shields
 + Level 1.3 Earth Magic
 + Level 8.9 Poison Magic


You had 9 spell levels left.
You didn't know any spells.
Your spell library contained the following spells:

 Spells                   Type           Power      Damage    Failure   Level
 Sandblast                Erth           6%         2d5       94%         1
 Ignite Poison            Fire/Tmut/Pois 7%         N/A       98%         3
 Foxfire                  Conj/Fire      0%         2x1d4     99%         1
 Passwall                 Tmut/Erth      0%         N/A       99%         2
 Conjure Flame            Conj/Fire      0%         6-21      100%        3
 Gell's Gravitas          Tloc           0%         N/A       100%        3
 Inner Flame              Hex/Fire       0%         N/A       100%        3
 Lesser Beckoning         Tloc           0%         N/A       100%        3
 Stone Arrow              Conj/Erth      2%         3d7       100%        3
 Teleport Other           Tloc           0%         N/A       100%        3
 Flame Wave               Conj/Fire      0%         2d4       100%        4
 Sticky Flame             Conj/Fire      0%         2d3       100%        4
 Manifold Assault         Tloc           0%         N/A       100%        5
 Dispersal                Tloc           0%         N/A       100%        6
 Haunt                    Necr/Summ      0%         N/A       100%        7
 Infestation              Necr           0%         N/A       100%        8
 Blink                    Tloc           Unusable   N/A       N/A         2
 Animate Dead             Necr           Unusable   N/A       N/A         4

Dungeon Overview and Level Annotations

Branches:
Dungeon (9/15)             Temple (1/1) D:4          Bailey (1/1)
   Lair: D:8-11         Orc: D:9-12

Altars:
Ashenzari
Cheibriados
Dithmenos
Elyvilon
Gozag
Hepliaklqana
Kikubaaqudgha
Makhleb
Nemelex Xobeh
Okawaru
Qazlal
Ru
Sif Muna
Trog
Uskayaw
Vehumet
Wu Jian
Xom
Yredelemnul
Zin
The Shining One

Shops:
D:6 [

Annotations:
D:1 2 transporters


Innate Abilities, Weirdness & Mutations

You cannot be hasted, slowed, berserked, paralysed or teleported.
You can dig through walls and to a lower floor.
You have a pair of large antennae on your head. (SInv)
Your four strong arms can wield two-handed weapons with a shield.


Message History

The orc warlord hits you with a +4 broad axe!!
You hit the orc warlord but do no damage.
Lightning courses through the orc warlord!!
The orc warlord is moderately wounded.
The orc warlord hits you with a +4 broad axe.
You hit the orc warlord.
The orc warlord is heavily wounded.
The orc warlord hits you but does no damage.
You slash the orc warlord!
Lightning courses through the orc warlord!
The orc warlord is severely wounded.
The orc warlord hits you with a +4 broad axe.
The orc warlord hits you but does no damage.
You barely miss the orc warlord.
The orc warlord is severely wounded.
The orc warlord hits you with a +4 broad axe!!
* * * LOW HITPOINT WARNING * * *
[a] - 322 gold - resistance and might [b] - 650 gold - invisibility, might, lignification and resistance [c] - 360 gold - brilliance and magic Purchase which effect?
You feel protected.
You feel very mighty all of a sudden. You block the orc warlord's attack.
Okay, then. [a] - 690 gold - heal wounds, magic and resistance [b] - 232 gold - heal wounds and curing [c] - 357 gold - lignification, might and resistance Purchase which effect?
You no longer have enough gold to petition Gozag for potion effects.
You feel much better.
You feel better.
The orc warlord hits you with a +4 broad axe!
You completely miss the orc warlord.
The orc warlord is heavily wounded.
The orc warlord hits you with a +4 broad axe!!
* * * LOW HITPOINT WARNING * * *
You barely miss the orc warlord.
The orc warlord is heavily wounded.
The orc warlord hits you with a +4 broad axe!
You die...
Your body crumbles into a pile of gold.

##### ##### ##...## ##...##
##.....## ##.....##
##......(#######.......##
##..8..8.)........)8..8..##
#........)................#
#..........o..............#
#...8.....@#'''#......8...#
##......####o~~####......##
♣##.....#~~~~~~~~~#.....##♣
♣.##....#~.8...8.~#....##.♣
♣♣..###'###.......###'###..♣
♣...~~~)#~~.8...8.~~#.~~~...
♣♣...~~~.#~.........~#.~~~...
♣∩...)~~.#~....∩....~#.~~~...
♣♣...~~~.##.........##.~~~...


You could see an orc warlord.

Vanquished Creatures
  The ghost of saga the Nimble, a novice SpHu of Okawaru (D:6)
  The ghost of kalagan the Magician, a novice DECj of Sif Muna (D:7)
  Maggie (D:7)
  A shadow (D:6)
  A wyvern (D:8)
  4 yaks (D:8)
  Eustachio (D:4)
  A steam dragon (D:8)
  2 water moccasins
  Duvessa (D:7)
  4 orc warriors
  An ice beast (D:7)
  2 ogres
  3 centaurs
  3 bullfrogs
  2 kobold brigands
  3 scorpions
  3 necrophages
  Dowan (D:7)
  The ghost of jaiteiro the Shooter, a weakling MiHu (D:6)
  5 electric eels (D:8)
  3 hounds
  4 orc priests
  5 jellies
  Ijyb (D:2)
  2 iguanas (D:5)
  6 orc wizards
  4 gnolls (D:7)
  6 adders
  4 white imps
  2 ufetubi
  2 worms
  2 dart slugs
  14 orcs
  2 endoplasms (D:4)
  3 giant cockroaches (D:1)
  11 goblins
  9 hobgoblins
  9 jackals
  23 kobolds
  4 quokkas
  7 ball pythons
  7 bats
  3 frilled lizards
  5 rats
180 creatures vanquished.

Vanquished Creatures (others)
  7 plants
7 creatures vanquished.

Grand Total: 187 creatures vanquished

Notes
Turn   | Place    | Note
-------+----------+-------------------------------------------
     0 | D:1      | Descartes the Formicid Fighter began the quest for the Orb.
     0 | D:1      | Reached XP level 1. HP: 18/18 MP: 1/1
   282 | D:1      | Reached XP level 2. HP: 20/24 MP: 2/2
   811 | D:1      | Reached XP level 3. HP: 22/29 MP: 3/3
  1474 | D:2      | Reached XP level 4. HP: 37/37 MP: 4/4
  1563 | D:2      | Found a faded altar of an unknown god.
  1982 | D:3      | Reached skill level 5 in Shields
  1982 | D:3      | Reached XP level 5. HP: 40/42 MP: 5/5
  2081 | D:3      | Noticed Ijyb
  2098 | D:2      | Killed Ijyb
  2888 | D:4      | Noticed Eustachio
  3068 | D:4      | Killed Eustachio
  3069 | D:4      | Reached XP level 6. HP: 22/49 MP: 6/6
  3601 | D:4      | Found a glowing golden altar of the Shining One.
  3680 | D:4      | Found a staircase to the Ecumenical Temple.
  3748 | Temple   | Entered the Ecumenical Temple
  4083 | Temple   | Became a worshipper of Gozag Ym Sagoz the Greedy
  4115 | D:5      | Entered Level 5 of the Dungeon
  4159 | D:5      | Reached XP level 7. HP: 55/55 MP: 7/7
  4308 | D:5      | Reached skill level 5 in Armour
  4308 | D:5      | Reached skill level 6 in Shields
  4437 | D:5      | Reached skill level 5 in Fighting
  5222 | D:6      | Reached XP level 8. HP: 47/63 MP: 8/8
  5391 | D:6      | Reached skill level 7 in Shields
  5601 | D:6      | Found a runed translucent gate.
  5602 | D:6      | Found a runed translucent gate.
  5602 | D:6      | Found a runed translucent gate.
  5631 | D:6      | Noticed jaiteiro's ghost (weakling MiHu)
  5631 | D:6      | Noticed saga's ghost (novice SpHu)
  5648 | D:6      | Killed jaiteiro's ghost
  5738 | D:6      | Killed saga's ghost
  5739 | D:6      | Reached skill level 5 in Axes
  5739 | D:6      | Reached XP level 9. HP: 30/71 MP: 9/9
  5973 | D:6      | Reached skill level 8 in Shields
  6092 | D:6      | Reached skill level 1 in Poison Magic
  6219 | D:6      | Found Metimynn's Armour Boutique.
  6230 | D:6      | Bought a +2 cloak of preservation for 301 gold pieces
  6618 | D:7      | Noticed Duvessa
  6619 | D:7      | Noticed Dowan
  6621 | D:7      | Noticed Maggie
  6628 | D:7      | Killed Duvessa
  6634 | D:7      | Killed Dowan
  6642 | D:7      | Killed Maggie
  6643 | D:7      | Reached skill level 9 in Shields
  6917 | D:7      | Identified the +4 great sword of Himiug {vorpal, rF- Int+2
                  | Dex+6}
  6969 | D:7      | Reached skill level 5 in Poison Magic
  7125 | D:7      | Reached XP level 10. HP: 64/80 MP: 10/10
  7199 | D:7      | Noticed kalagan's ghost (novice DECj)
  7202 | D:7      | Found a runed translucent door.
  7538 | D:7      | Killed kalagan's ghost
  8138 | D:8      | Reached skill level 10 in Shields
  9070 | D:8      | Found Ysse's Assorted Antiques.
  9587 | D:9      | Identified 2 scrolls of acquirement
  9593 | D:9      | Acquired the ring "Fomoiqop" {Fly rPois rC+ Int+4 Dex-4}
  9619 | D:9      | Found a flagged portal.
  9627 | Bailey   | Entered a bailey
  9628 | Bailey   | Acquired a manual of Earth Magic
  9638 | Bailey   | Noticed an orc warlord
  9672 | Bailey   | Reached skill level 1 in Earth Magic
  9833 | Bailey   | Found a runed translucent gate.
  9833 | Bailey   | Found a runed translucent gate.
  9834 | Bailey   | Found a runed translucent gate.
 10057 | Bailey   | Mangled by an orc warlord

Illustrated notes

Levels and vault maps discovered:
D:1:      spicycebolla_arrival_transporter_tutorial, layout_loops_corners,
          minmay_shallow_snake_nest
D:2:      layout_rooms, hellmonk_ecumenical_altar_leap_of_faith
D:3:      layout_basic, minmay_misc_feat_hallway, uniq_ijyb
D:4:      layout_cave_pools, mainiacjoe_overflow_chevrons,
          minmay_temple_entry_mist, uniq_eustachio
D:5:      layout_loops_corners
D:6:      layout_cave_pools, serial_shops, shop, gammafunk_ghost_cemetery,
          minmay_manual_monstrance
D:7:      minmay_skewed_foursquare, layout_rooms,
          hellmonk_ghost_happy_afterlife, serial_corexii_hall,
          chequers_hall_statues_corner_a, corexii_hall_statues_s, uniq_duvessa,
          uniq_maggie
D:8:      nicolae_cairo_tiling_large_dashed, layout_gridville, serial_bayou,
          serial_bayou_shore_b, serial_bayou_lake_a, serial_bayou_pond_c,
          serial_shops, nicolae_shop_stone, serial_bayou_pond_b
D:9:      layout_basic, enter_bailey_4, uniq_gastronok
Temple:   mainiacjoe_temple_cubbyholes
Bailey:   bailey_axe_bossmonster_kennysheep, bailey

Skill      XL: |  1  2  3  4  5  6  7  8  9 10 |
---------------+-------------------------------+-----
Armour         | 4 5 6 7 8 |  8.8
Fighting       | 4 5 6 7 8 |  8.8
Axes           | 3 4 5 6 7 |  7.7
Shields        | 5 6 7 9 10 | 10.0
Poison Magic   | 5 8 |  8.9
Earth Magic    | 1 |  1.3

Action                   |  1- 3 |  4- 6 |  7- 9 | 10-12 || total
-------------------------+-------+-------+-------+-------++-------
Melee: War axe           |    85 |     2 |       |       ||    87
       Battleaxe         |       |   138 |   283 |   197 ||   618
       Unarmed           |       |     4 |       |       ||     4
Invok: Potion Petition   |       |       |     1 |     2 ||     3
 Abil: Dig               |       |       |       |     1 ||     1
  Use: Potion            |       |     1 |     1 |       ||     2
       Scroll            |       |       |       |    15 ||    15
 Stab: Distracted        |       |       |       |     1 ||     1
Armor: Scale mail        |    28 |       |       |       ||    28
       Chain mail        |    28 |   108 |       |       ||   136
       Plate armour      |       |       |   203 |   136 ||   339
Dodge: Dodged            |    62 |    69 |    92 |    49 ||   272
Block: Buckler           |    32 |    61 |   111 |    56 ||   260
